AoeStats
← RedPhosphoru

Arabian Desert

509478611Analyzed
1v1 RM · 6d ago on Sep 26, 2026· 39m 45s· 2 players
Game mode
Random Map
Map size
Tiny (2 player)
Population
200
Speed
Normal
Resources
Standard
Victory
Conquest
Starting age
Dark Age
Ending age
Imperial Age
RankedLock teamsTeams togetherTeam positionsShared explorationLock speedFull tech treeHidden civsTurbo modeCheats
Victory
Defeat
🇲🇽 Jurchens · Mexico
2088
+29
🇺🇸 Saxons · United States
2472
-29
hK | FraKTal
3:10 Loom
10:26 Feudal Age
10:32 Man-at-Arms
12:02 Arson
13:09 Fletching
20:20 Castle Age
27:48 Sanctity
30:45 Bodkin Arrow
33:20 Wheelbarrow
38:56 Town Watch
39:11 Double-Bit Axe
RedPhosphoru
7:12 Loom
9:32 Feudal Age
10:03 Feudal Age
13:43 Castle Age
Connection lost

Rejoining the realm…

Still unreachable

The connection could not be restored.

Session expired

The server has moved on; the page needs a fresh start.